[Event "Titled Tuesday Blitz May 9 Early 2023"]
[White "Garv Gaur"]
[Black "Bazeev, German"]
[WhiteFideId "45030839"]
[BlackFideId "24119350"]
[WhiteElo "2068"]
[BlackElo "2466"]
[Result "0-1"]
[Round "02"]
[TimeControl "180+2"]
[Date "2023.05.09"]
[WhiteClock "0:00:09"]
[BlackClock "0:00:07"]

1. e4 c5 2. Nf3 Nf6 3. Nc3 Nc6 4. Bc4 d6 5. d4 cxd4 6. Nxd4 Bd7 7. O-O g6 8. h3 Bg7 9. Be3 O-O 10. Bb3 Na5 11. Qd2 a6 12. Rad1 b5 13. Rfe1 Re8 14. e5 dxe5 15. Nf3 b4 16. Nd5 Nxb3 17. axb3 Nxd5 18. Qxd5 Bf5 19. Qc4 Qc8 20. Bc5 a5 21. Nxe5 Be6 22. Qd4 Rd8 23. Qe3 Rxd1 24. Rxd1 Qc7 25. Nc4 Bxc4 26. bxc4 Bxb2 27. Qxe7 Qxe7 28. Bxe7 Rc8 29. Rd5 f5 30. Rxa5 Rxc4 31. Rb5 Bc3 32. g3 Kf7 33. Bd6 Ke6 34. Bf8 Rc7 35. Kg2 Rc4 36. Rb7 Bd4 37. Bxb4 Rxc2 38. Be1 Re2 39. Kf1 Ra2 40. Rxh7 Ra1 41. Rb7 Bc3 42. Rb6+ Kd5 43. Rxg6 Rxe1+ 44. Kg2 Re2 45. Kf3 Rb2 46. Ra6 Bd4 47. Kf4 Rxf2+ 48. Kg5 Be3+ 49. Kg6 Rf3 50. g4 f4 51. h4 Rg3 52. g5 f3 53. Rf6 f2 54. Rf5+ Ke4 55. h5 Rg1 56. h6 f1=Q 57. Rxf1 Rxf1 58. h7 Bd4 59. Kh6 Rh1+ 60. Kg6 Kf4 61. Kf7 Rxh7+ 62. Kg6 Rg7+ 63. Kh6 Be5 64. g6 Bf6 65. Kh5 Kf5 66. Kh6 Rxg6+ 67. Kh7 Rg7+ 68. Kh8 Rc7+ 69. Kg8 Rc8+ 70. Kh7 Rh8# 0-1


[Site "https://www.chess.com"]

[Event "Titled Tuesday Blitz May 9 Early 2023"]
[White "Beerdsen, Thomas"]
[Black "Manukyan, Sargis V."]
[WhiteFideId "1030108"]
[BlackFideId "13303465"]
[WhiteElo "2549"]
[BlackElo "2236"]
[Result "1-0"]
[Round "02"]
[TimeControl "180+2"]
[Date "2023.05.09"]
[WhiteClock "0:01:29"]
[BlackClock "0:00:03"]

1. e4 e6 2. c4 d5 3. cxd5 exd5 4. Qb3 dxe4 5. Nc3 Nf6 6. Bc4 Qe7 7. d3 exd3+ 8. Kf1 Nc6 9. Bg5 Nd4 10. Qa4+ Bd7 11. Bxf7+ Qxf7 12. Qxd4 O-O-O 13. Qxa7 Bc6 14. Rd1 Qc4 15. Qa8+ Kd7 16. Qa5 Bc5 17. Nf3 Rhe8 18. b3 Bb4 19. Qf5+ Qe6 20. Rxd3+ Kc8 21. Rxd8+ Kxd8 22. Qd3+ Kc8 23. Be3 Bxf3 24. gxf3 Rd8 25. Qc2 Bxc3 26. Qxc3 Nd5 27. Qc1 Qh3+ 28. Ke2 Rf8 29. f4 Qg4+ 30. Ke1 Qf3 31. Rg1 Re8 32. Rxg7 Nxe3 33. Qxc7# 1-0


[Site "https://www.chess.com"]

[Event "Titled Tuesday Blitz May 9 Early 2023"]
[White "Perez Ponsa, Federico"]
[Black "Danielyan, Vahe"]
[WhiteFideId "117927"]
[BlackFideId "13304828"]
[WhiteElo "2590"]
[BlackElo "2423"]
[Result "1/2-1/2"]
[Round "02"]
[TimeControl "180+2"]
[Date "2023.05.09"]
[WhiteClock "0:00:06"]
[BlackClock "0:00:06"]

1. d4 Nf6 2. Nf3 e6 3. g3 b6 4. Bg2 Bb7 5. O-O Be7 6. c4 O-O 7. Re1 Na6 8. Qc2 c5 9. e4 Nb4 10. Qd1 Bxe4 11. Nc3 Bb7 12. d5 exd5 13. Nh4 Re8 14. Nf5 Bf8 15. Rxe8 Qxe8 16. a3 Nc6 17. Nxd5 Nxd5 18. Bxd5 Na5 19. Bxb7 Nxb7 20. Qd5 Na5 21. Bd2 Nc6 22. Re1 Qd8 23. Bc3 Rc8 24. h4 g6 25. Nd6 Bxd6 26. Qxd6 Nd4 27. Bxd4 cxd4 28. Re7 Rc6 29. Qxd7 Qxd7 30. Rxd7 Rxc4 31. Rxa7 Rc1+ 32. Kg2 Rc2 33. b4 d3 34. Rd7 d2 35. a4 Ra2 36. a5 bxa5 37. bxa5 Rxa5 38. Rxd2 h5 39. Re2 1/2-1/2


[Site "https://www.chess.com"]

[Event "Titled Tuesday Blitz May 9 Early 2023"]
[White "Erzhanov, Arman"]
[Black "Molina, Roberto Junio Brito"]
[WhiteFideId "4138821"]
[BlackFideId "2109450"]
[WhiteElo "2138"]
[BlackElo "2376"]
[Result "0-1"]
[Round "02"]
[TimeControl "180+2"]
[Date "2023.05.09"]
[WhiteClock "0:00:00"]
[BlackClock "0:01:19"]

1. e4 c6 2. d4 d5 3. exd5 cxd5 4. c4 Nf6 5. Nc3 e6 6. c5 Be7 7. Nf3 O-O 8. Qc2 Ne4 9. Nxe4 dxe4 10. Qxe4 Nc6 11. Bd3 f5 12. Qe3 Bf6 13. O-O Nxd4 14. Bc4 Nxf3+ 15. Qxf3 Qc7 16. Qxf5 Kh8 17. Bxe6 Bxe6 18. Qxe6 Rae8 19. Qc4 Re5 20. Bf4 Rxc5 21. Qb4 Qc8 22. Bd6 Rc4 23. Bxf8 Rxb4 24. Bxb4 Bxb2 25. Rab1 Bf6 26. Bd2 h6 27. Be3 a5 28. Rb5 Qc4 29. Rxa5 b5 30. Rb1 b4 31. Ra8+ Kh7 32. Ra7 Kg6 33. h3 h5 34. g3 h4 35. g4 Bc3 36. Rd1 Qe2 37. Rd6+ Kh7 38. Rh6+ Kg8 39. Ra8+ Kf7 40. Rb6 Qd1+ 41. Kg2 Qd5+ 0-1


[Site "https://www.chess.com"]

[Event "Titled Tuesday Blitz May 9 Early 2023"]
[White "Visakh N R"]
[Black "Hindermann, Felix"]
[WhiteFideId "25012223"]
[BlackFideId "1305212"]
[WhiteElo "2466"]
[BlackElo "2206"]
[Result "1-0"]
[Round "02"]
[TimeControl "180+2"]
[Date "2023.05.09"]
[WhiteClock "0:00:55"]
[BlackClock "0:00:46"]

1. e4 e6 2. d4 d5 3. Nd2 Nc6 4. Ngf3 Nf6 5. e5 Nd7 6. c3 f6 7. exf6 Qxf6 8. Be2 Bd6 9. Nf1 e5 10. dxe5 Ndxe5 11. Ng3 O-O 12. O-O Be6 13. Ng5 Rad8 14. f4 Nc4 15. Kh1 Bc5 16. Qc2 g6 17. Bxc4 dxc4 18. N3e4 Bf5 19. Nxf6+ Rxf6 20. Qa4 Bd3 21. Bd2 Bxf1 22. Rxf1 Rxd2 23. Qxc4+ Kg7 24. Qxc5 h6 25. Ne4 Rf5 26. Qxf5 gxf5 27. Nxd2 1-0


[Site "https://www.chess.com"]

[Event "Titled Tuesday Blitz May 9 Early 2023"]
[White "Richter, Paul"]
[Black "Rodshtein, Maxim"]
[WhiteFideId "2046350"]
[BlackFideId "2806851"]
[WhiteElo "2544"]
[BlackElo "2555"]
[Result "0-1"]
[Round "02"]
[TimeControl "180+2"]
[Date "2023.05.09"]
[WhiteClock "0:00:00"]
[BlackClock "0:01:01"]

1. e4 c5 2. Nf3 d6 3. d4 cxd4 4. Nxd4 Nf6 5. Nc3 a6 6. Be2 e6 7. Be3 Be7 8. g4 Nc6 9. g5 Nd7 10. h4 Qc7 11. Qd2 b5 12. a3 Nce5 13. O-O-O Rb8 14. h5 Nb6 15. b3 d5 16. Kb2 b4 17. Nb1 bxa3+ 18. Ka2 dxe4 19. g6 Nd5 20. gxf7+ Kxf7 21. c4 Nb4+ 22. Ka1 Rd8 23. Nc3 Bb7 24. Qc1 Bf6 25. Rhg1 Ned3 26. Bxd3 exd3 27. Rg4 Bxd4 28. Bxd4 Rxd4 0-1


[Site "https://www.chess.com"]

[Event "Titled Tuesday Blitz May 9 Early 2023"]
[White "Moroni, Luca Jr"]
[Black "Boldoo, Erdenepurev"]
[WhiteFideId "865834"]
[BlackFideId "4901037"]
[WhiteElo "2569"]
[BlackElo "2299"]
[Result "1-0"]
[Round "02"]
[TimeControl "180+2"]
[Date "2023.05.09"]
[WhiteClock "0:01:12"]
[BlackClock "0:00:19"]

1. d4 d5 2. Bf4 c6 3. e3 Nf6 4. c4 Bf5 5. Qb3 Qb6 6. c5 Qxb3 7. axb3 a6 8. Nc3 Nbd7 9. h3 h6 10. b4 Rc8 11. Nf3 g5 12. Bh2 Bg7 13. Nd2 e5 14. g4 exd4 15. exd4 Bc2 16. Bd6 Kd8 17. Nf3 Re8+ 18. Kd2 Bg6 19. Bd3 Ne4+ 20. Bxe4 dxe4 21. Ne5 Nxe5 22. dxe5 Bxe5 23. Ke3 Bxd6 24. cxd6 Kd7 25. Rhd1 Rcd8 26. Na4 Kc8 27. d7+ Kc7 28. dxe8=Q Rxe8 29. Nc5 h5 30. Rd7+ Kc8 31. Rad1 hxg4 32. hxg4 f5 33. gxf5 Bxf5 34. Rxb7 Bg4 35. Rd6 Rf8 36. Rxc6+ Kd8 37. Rb8+ Ke7 38. Rxf8 Kxf8 39. Rxa6 1-0


[Site "https://www.chess.com"]

[Event "Titled Tuesday Blitz May 9 Early 2023"]
[White "Tomaszewski, Kacper"]
[Black "Papadiamandis, Elliot"]
[WhiteFideId "1127373"]
[BlackFideId "36074160"]
[WhiteElo "2211"]
[BlackElo "2219"]
[Result "0-1"]
[Round "02"]
[TimeControl "180+2"]
[Date "2023.05.09"]
[WhiteClock "0:00:00"]
[BlackClock "0:00:15"]

1. c4 Nf6 2. Nc3 d5 3. cxd5 Nxd5 4. Nf3 g6 5. e4 Nxc3 6. dxc3 Qxd1+ 7. Kxd1 Bg7 8. Bg5 Nd7 9. Kc2 b6 10. Bb5 Bb7 11. Rhe1 O-O-O 12. Rad1 a6 13. Bc4 h6 14. Bh4 g5 15. Bg3 e6 16. Nd2 Ne5 17. Be2 f5 18. exf5 exf5 19. Bxe5 Bxe5 20. Bxa6 Bxa6 21. Rxe5 Bd3+ 22. Kc1 Rhe8 23. Nf3 Be4 24. Rxe8 Rxe8 25. Ne1 f4 26. f3 Bf5 27. Nc2 Kb7 28. Re1 Rf8 29. Nd4 Bd7 30. Re7 Kc8 31. Kd2 Rf6 32. h3 c5 33. Ne2 Kc7 34. c4 Rd6+ 35. Kc2 Kd8 36. Rf7 Be6 37. Rg7 Bf5+ 38. Kc1 Bd3 39. Nc3 Bxc4 40. Ne4 Re6 41. Rh7 Bd5 42. Rh8+ Kc7 43. Nc3 Bc6 44. Rh7+ Kd6 45. Kd2 b5 46. Rg7 b4 47. Nd1 c4 48. Nf2 Kc5 49. Rc7 Rd6+ 50. Kc2 Kb6 51. Rc8 Re6 52. Kd2 Bb7 53. Rh8 Kc5 54. Ng4 Kd4 55. Rxh6 c3+ 56. bxc3+ bxc3+ 57. Kc1 Re1+ 58. Kc2 Re2+ 59. Kb3 c2 60. Rd6+ Kc5 0-1


[Site "https://www.chess.com"]

[Event "Titled Tuesday Blitz May 9 Early 2023"]
[White "Baghdasaryan, Vahe"]
[Black "Djordjevic, Vuk"]
[WhiteFideId "13303139"]
[BlackFideId "902098"]
[WhiteElo "2216"]
[BlackElo "2452"]
[Result "0-1"]
[Round "02"]
[TimeControl "180+2"]
[Date "2023.05.09"]
[WhiteClock "0:00:00"]
[BlackClock "0:00:06"]

1. e4 d5 2. exd5 Qxd5 3. Nf3 Bg4 4. Be2 Nc6 5. d4 Bxf3 6. Bxf3 Qe6+ 7. Be3 O-O-O 8. d5 Qe5 9. O-O e6 10. dxc6 Rxd1 11. cxb7+ Kb8 12. Rxd1 Bd6 13. Nc3 Ne7 14. a4 Qxh2+ 15. Kf1 Nf5 16. Bxa7+ Kxa7 17. Nb5+ Ka6 18. a5 Kxb5 19. a6 Bc5 20. c4+ Kb4 21. a7 Bxa7 22. Rxa7 c5 23. Ra8 Rb8 24. Rd8 Nd4 25. Rxd4 cxd4 26. g3 Qh3+ 27. Bg2 Qg4 28. f3 Qxg3 0-1


[Site "https://www.chess.com"]

[Event "Titled Tuesday Blitz May 9 Early 2023"]
[White "Peng, Li Min"]
[Black "Zaragatski, Ilja"]
[WhiteFideId "14112620"]
[BlackFideId "4655192"]
[WhiteElo "2436"]
[BlackElo "2460"]
[Result "1-0"]
[Round "02"]
[TimeControl "180+2"]
[Date "2023.05.09"]
[WhiteClock "0:01:43"]
[BlackClock "0:01:04"]

1. e4 e6 2. d4 d5 3. exd5 exd5 4. Nf3 Bd6 5. c4 Nf6 6. Nc3 O-O 7. c5 Re8+ 8. Be2 Bf8 9. O-O Ne4 10. Bf4 Nxc3 11. bxc3 b6 12. cxb6 axb6 13. Ne5 Ba6 14. Bxa6 Rxa6 15. a4 f6 16. Nd3 Nc6 17. Qb3 Na5 18. Qb5 Ra8 19. Nb4 Bxb4 20. cxb4 Nc4 21. Rfc1 Re4 22. Bxc7 Qe8 23. Qxd5+ Kh8 24. Qxc4 Rc8 25. Qf1 1-0


[Site "https://www.chess.com"]

[Event "Titled Tuesday Blitz May 9 Early 2023"]
[White "egorchess95"]
[Black "Kaasen, Tor Fredrik"]
[BlackFideId "1516647"]
[WhiteElo "2535"]
[BlackElo "2349"]
[Result "0-1"]
[Round "02"]
[TimeControl "180+2"]
[Date "2023.05.09"]
[WhiteClock "0:00:00"]
[BlackClock "0:00:12"]

1. e4 c5 2. Nf3 Nc6 3. d4 cxd4 4. Nxd4 Nf6 5. Nc3 d6 6. Bg5 e6 7. Qd2 a6 8. f3 Nxd4 9. Qxd4 Be7 10. O-O-O Bd7 11. g4 h5 12. Be2 hxg4 13. fxg4 Qa5 14. Bd2 Qe5 15. Qd3 Bc6 16. Bf3 Nd7 17. Qe2 O-O-O 18. Kb1 Rh3 19. Be3 Bf6 20. Bg2 Rxh2 21. Rxh2 Qxh2 22. Rh1 Qe5 23. Qd2 Qa5 24. Bd4 Bxd4 25. Qxd4 Ne5 26. Rh7 g6 27. a3 Qc5 28. Qd2 Nc4 29. Qc1 Qf2 30. Bf1 Qxf1 31. Qxf1 Nd2+ 32. Ka2 Nxf1 33. Rxf7 Ne3 34. Rf6 Nxg4 35. Rxg6 Nf2 36. Rxe6 Kd7 37. Rh6 Nxe4 38. Rh7+ Kc8 39. Ne2 Rd7 40. Rh8+ Kc7 41. Nd4 d5 42. Rh6 Rd6 43. Rh7+ Kb6 44. b3 Rf6 45. Kb2 Rf2 46. a4 Kc5 47. Ne6+ Kd6 48. Nd8 d4 49. Rh6+ Ke5 50. Rh5+ Rf5 51. Rh6 Bd5 52. Rh7 Rf1 53. Rh5+ Kd6 54. Rh3 Nc3 55. Rh6+ Kc5 0-1


[Site "https://www.chess.com"]

[Event "Titled Tuesday Blitz May 9 Early 2023"]
[White "Nguyen, Hong Anh"]
[Black "Bilych, Olexiy"]
[WhiteFideId "12406732"]
[BlackFideId "14156504"]
[WhiteElo "2054"]
[BlackElo "2320"]
[Result "0-1"]
[Round "02"]
[TimeControl "180+2"]
[Date "2023.05.09"]
[WhiteClock "0:01:24"]
[BlackClock "0:01:13"]

1. d4 d5 2. c4 e6 3. Nc3 h6 4. Nf3 Nf6 5. g3 Bd6 6. Bg2 O-O 7. O-O Nc6 8. b3 dxc4 9. bxc4 e5 10. c5 exd4 11. Nxd4 Bxc5 12. Nxc6 bxc6 13. Bxc6 Rb8 14. Bf4 Bh3 15. Qxd8 Rbxd8 16. Rfd1 Bd4 17. Bxc7 Bxc3 18. Bxd8 Bxa1 19. Be7 Rc8 0-1


[Site "https://www.chess.com"]

[Event "Titled Tuesday Blitz May 9 Early 2023"]
[White "Csonka, Balazs"]
[Black "Lehtosaari, Mauri"]
[WhiteFideId "742910"]
[BlackFideId "501999"]
[WhiteElo "2404"]
[BlackElo "2532"]
[Result "1-0"]
[Round "02"]
[TimeControl "180+2"]
[Date "2023.05.09"]
[WhiteClock "0:00:37"]
[BlackClock "0:00:47"]

1. c4 c6 2. g3 d5 3. Bg2 Nf6 4. Nf3 Bf5 5. Qb3 Qb6 6. cxd5 Nxd5 7. Qa4 Bxb1 8. Rxb1 e6 9. O-O Nd7 10. d4 N7f6 11. a3 Be7 12. Qc2 O-O 13. e4 Nc7 14. Be3 Qa5 15. Rfc1 Rac8 16. Nd2 Qh5 17. h3 Rfd8 18. g4 Qg6 19. f4 Nxg4 20. hxg4 Qxg4 21. Nf3 Nb5 22. a4 Nd6 23. Ne5 Qh4 24. Qf2 Qxf2+ 25. Kxf2 a6 26. Nc4 Bh4+ 27. Ke2 g6 28. Nxd6 Rxd6 29. b4 Bf6 30. e5 1-0


[Site "https://www.chess.com"]

[Event "Titled Tuesday Blitz May 9 Early 2023"]
[White "Fernandez Guillen, Ernesto J."]
[Black "Kokoszczynski, Jan"]
[WhiteFideId "3512428"]
[BlackFideId "1174460"]
[WhiteElo "2429"]
[BlackElo "2139"]
[Result "1-0"]
[Round "02"]
[TimeControl "180+2"]
[Date "2023.05.09"]
[WhiteClock "0:00:30"]
[BlackClock "0:00:02"]

1. e4 c6 2. d4 d5 3. e5 c5 4. dxc5 e6 5. a3 Bxc5 6. Qg4 Ne7 7. b4 Bb6 8. Bd3 Ng6 9. Nf3 Nc6 10. Bb2 Qc7 11. O-O O-O 12. Re1 Bd7 13. h4 a5 14. h5 Nh8 15. Ng5 g6 16. b5 Nd8 17. a4 Bc5 18. Nd2 Be8 19. Ndf3 h6 20. Nh3 Qe7 21. Nf4 g5 22. Nh3 Ng6 23. Nhxg5 hxg5 24. Nxg5 Rc8 25. Rad1 d4 26. Ne4 Kg7 27. Nf6 Rh8 28. Re4 Bb4 29. Bxd4 Bc3 30. Bxc3 Rxc3 31. Qg3 Rc8 32. Rg4 Rh6 33. Qe3 b6 34. hxg6 fxg6 35. Qxh6+ Kxh6 36. Ng8+ Kh5 37. Nxe7 Rc7 38. Be2 Rxe7 39. Rxd8 1-0


[Site "https://www.chess.com"]

[Event "Titled Tuesday Blitz May 9 Early 2023"]
[White "ArtemDyachuk"]
[Black "Cherniaiev, Tykhon"]
[BlackFideId "14182360"]
[WhiteElo "2531"]
[BlackElo "2450"]
[Result "1-0"]
[Round "02"]
[TimeControl "180+2"]
[Date "2023.05.09"]
[WhiteClock "0:00:03"]
[BlackClock "0:00:18"]

1. Nf3 Nf6 2. b3 d5 3. e3 c5 4. Bb2 Nc6 5. Bb5 Bg4 6. h3 Bxf3 7. Qxf3 e6 8. O-O a6 9. Bxc6+ bxc6 10. d4 cxd4 11. exd4 c5 12. c4 cxd4 13. Bxd4 Be7 14. cxd5 exd5 15. Nc3 O-O 16. Rfe1 Bb4 17. a3 Bxc3 18. Qxc3 Ne4 19. Qb2 f6 20. Rad1 Re8 21. b4 Qd7 22. Qb3 Qf7 23. a4 Rab8 24. b5 axb5 25. axb5 Nd6 26. Rxe8+ Rxe8 27. Bc5 Nc4 28. b6 Rb8 29. Ra1 h6 30. Ra7 Rb7 31. Qb5 Ne5 32. Qa6 Rd7 33. b7 Rxb7 34. Qxb7 Qg6 35. Qxd5+ Kh7 36. Ra8 Qb1+ 37. Kh2 Qf5 38. Qg8+ Kg6 39. Qe8+ Kh7 40. Be3 Qe4 41. Qh8+ Kg6 42. Qe8+ Kh7 43. Qa4 Qf5 44. Re8 Ng6 45. Qe4 Qd7 46. h4 h5 47. Qe6 Qc7+ 48. g3 Ne5 49. Qg8+ Kg6 50. Re6 Ng4+ 51. Kh3 Qb7 52. Qe8+ Kf5 53. Qxh5+ Kxe6 54. Qxg4+ Kf7 55. Kh2 Qd5 56. h5 Qe5 57. Qg6+ Kf8 58. h6 gxh6 59. Bxh6+ Ke7 60. Bg7 Ke6 61. Qxf6+ Qxf6 62. Bxf6 Kxf6 63. f4 Kf5 64. Kg2 Kg4 65. Kf2 Kf5 66. Kf3 Kf6 67. g4 Kg6 68. Ke4 Kf6 69. f5 Kf7 70. Ke5 Ke7 71. g5 Kf7 72. g6+ Kg7 73. Ke6 Kh8 74. f6 Kg8 75. Ke7 Kh8 76. f7 Kg7 77. f8=Q+ Kxg6 78. Qf4 Kh7 79. Qg5 Kh8 80. Kf7 Kh7 81. Qh5# 1-0


[Site "https://www.chess.com"]

[Event "Titled Tuesday Blitz May 9 Early 2023"]
[White "Klukin, Kirill"]
[Black "Spalir, Jernej"]
[WhiteFideId "24199273"]
[BlackFideId "14606518"]
[WhiteElo "2344"]
[BlackElo "2282"]
[Result "1-0"]
[Round "02"]
[TimeControl "180+2"]
[Date "2023.05.09"]
[WhiteClock "0:00:23"]
[BlackClock "0:01:14"]

1. e4 e5 2. Nf3 Nc6 3. Bc4 Bc5 4. b4 Bxb4 5. c3 Ba5 6. d4 d6 7. Qb3 Qd7 8. O-O Bb6 9. dxe5 Na5 10. Qb4 Nxc4 11. Qxc4 Qe6 12. Qxe6+ Bxe6 13. exd6 cxd6 14. Bf4 Ke7 15. Na3 a6 16. Rab1 Bc5 17. Rxb7+ Kf6 18. Nc2 Bxa2 19. Ncd4 h6 20. Nf5 Rd8 21. Nxd6 Bxd6 22. Bxd6 Ke6 23. Bb4 h5 24. h3 Nh6 25. Nd4+ Kf6 26. Be7+ Kg6 27. Bxd8 Rxd8 28. Rb6+ f6 29. Ra1 Bc4 30. Rb7 Nf7 31. Ra4 Bd3 32. Ne6 Rd6 33. Nf4+ Kg5 34. Nxd3 Rxd3 35. Rxf7 1-0


[Site "https://www.chess.com"]

[Event "Titled Tuesday Blitz May 9 Early 2023"]
[White "Moore, Nicholas"]
[Black "Papasimakopoulos, Alexandros"]
[WhiteFideId "4303709"]
[BlackFideId "4244125"]
[WhiteElo "2524"]
[BlackElo "2359"]
[Result "*"]
[Round "02"]
[TimeControl "180+2"]
[Date "2023.05.09"]
[WhiteClock "0:00:20"]
[BlackClock "0:00:08"]

1. d4 e6 2. c4 Nf6 3. Nf3 c5 4. d5 b5 5. g3 bxc4 6. Nc3 exd5 7. Nxd5 Bb7 8. Nxf6+ Qxf6 9. Bg2 d5 10. O-O Bd6 11. Bg5 Qe6 12. Nd2 Bc6 13. e4 d4 14. e5 Bxg2 15. Kxg2 Bxe5 16. Qf3 Qc6 17. Nxc4 Qxf3+ 18. Kxf3 f6 19. Nxe5 fxe5 20. Rfe1 Nc6 21. Rac1 O-O+ 22. Kg2 Rf5 23. Bh4 e4 24. Rxe4 Rd5 25. Re6 Nb4 26. a3 Nd3 27. Rc2 g5 28. Rd2 Nxb2 29. Rxb2 gxh4 30. Rb7 hxg3 31. hxg3 Rad8 32. Ree7 Rh5 33. Rg7+ Kh8 34. Rgd7 Rxd7 35. Rxd7 a6 36. Kf3 Rf5+ 37. Ke2 h5 38. f4 h4 39. gxh4 Rxf4 40. Kd3 Rf3+ 41. Kd2 Rxa3 42. h5 a5 43. h6 a4 44. Ra7 c4 45. Rc7 Ra2+ 46. Ke1 c3 47. Rc4 Rd2 48. Rxa4 Kh7 49. Ra6 Rh2 50. Rc6 Rg2 51. Kd1 Rh2 52. Ke1 Rd2 53. Rd6 Rd3 54. Rc6 Kg8 55. Ke2 Rd2+ 56. Ke1 Rh2 57. Rc4 Rh4 58. Rc6 Kf7 59. Ke2 Ke7 60. Kd3 Kd7 61. Rg6 Ke7 62. Rc6 Kf7 63. Rc4 Kg6 64. Rc6+ Kh7 65. Rd6 Kh8 66. Rc6 Kg8 67. Rd6 Kh7 68. Rc6 Kh8 69. Rd6 Rh1 70. Rxd4 Rd1+ 71. Kxc3 Rxd4 72. Kxd4 Kh7 73. Ke5 Kxh6 *


[Site "https://www.chess.com"]

[Event "Titled Tuesday Blitz May 9 Early 2023"]
[White "Kvaloy, Aksel Bu"]
[Black "HamedWafa4"]
[WhiteFideId "1528815"]
[WhiteElo "2242"]
[BlackElo "2523"]
[Result "1-0"]
[Round "02"]
[TimeControl "180+2"]
[Date "2023.05.09"]
[WhiteClock "0:00:38"]
[BlackClock "0:00:14"]

1. e4 e5 2. Nf3 Nc6 3. Nc3 Nf6 4. d4 exd4 5. Nxd4 Bc5 6. Be3 Bb6 7. Qd2 O-O 8. O-O-O d6 9. f3 Nxd4 10. Bxd4 Be6 11. g4 Nd7 12. Kb1 Qh4 13. Be2 Rfe8 14. f4 Bxd4 15. Qxd4 Qf6 16. f5 Qg5 17. h4 Qf4 18. fxe6 fxe6 19. Bb5 Rad8 20. Bxd7 Rxd7 21. g5 b6 22. Rdf1 Qg3 23. Qf2 Qe5 24. Rhg1 b5 25. Qf4 Qc5 26. Rg3 b4 27. Rgf3 g6 28. Na4 Qb5 29. h5 gxh5 30. b3 Rg7 31. Qf8+ 1-0


[Site "https://www.chess.com"]

[Event "Titled Tuesday Blitz May 9 Early 2023"]
[White "Starozhilov, Leonid"]
[Black "Horak, Martin"]
[WhiteFideId "14106752"]
[BlackFideId "367095"]
[WhiteElo "2352"]
[BlackElo "2091"]
[Result "0-1"]
[Round "02"]
[TimeControl "180+2"]
[Date "2023.05.09"]
[WhiteClock "0:00:00"]
[BlackClock "0:00:23"]

1. e4 c5 2. Nf3 a6 3. c4 Nc6 4. Nc3 e5 5. Bd3 g6 6. Bc2 Bg7 7. d3 Nge7 8. a3 O-O 9. Ba4 d6 10. Bxc6 Nxc6 11. h3 Rb8 12. b4 cxb4 13. axb4 Nxb4 14. Ba3 Nc6 15. Nd5 b5 16. O-O Be6 17. c5 b4 18. Qa4 dxc5 19. Qxc6 Bxd5 20. exd5 e4 21. dxe4 Bxa1 22. Rxa1 bxa3 23. Rxa3 Qb6 24. Rxa6 Qb1+ 25. Kh2 Qxe4 26. Ra4 Rb4 27. Rxb4 cxb4 28. Qb5 Qf4+ 29. Kh1 Rc8 30. d6 Rc1+ 31. Ng1 Qxd6 32. Qe8+ Kg7 33. Qe3 Rd1 34. g3 Qd5+ 35. Kh2 b3 36. Qc3+ Qd4 37. Qf3 b2 38. Ne2 Qd5 39. Qc3+ f6 40. Qc7+ Kh6 41. Qf4+ Kg7 42. Qc7+ Qd7 0-1


[Site "https://www.chess.com"]

[Event "Titled Tuesday Blitz May 9 Early 2023"]
[White "Andreev, Konstantin"]
[Black "Wagner, Dennis"]
[WhiteFideId "24239305"]
[BlackFideId "24650684"]
[WhiteElo "2106"]
[BlackElo "2478"]
[Result "0-1"]
[Round "02"]
[TimeControl "180+2"]
[Date "2023.05.09"]
[WhiteClock "0:00:02"]
[BlackClock "0:00:02"]

1. e4 c5 2. Nf3 d6 3. d4 cxd4 4. Nxd4 Nf6 5. Nc3 a6 6. h4 b5 7. a4 b4 8. Nd5 e6 9. Nxf6+ Qxf6 10. Bg5 Qe5 11. Qd3 Bb7 12. O-O-O h6 13. Be3 Qxe4 14. Qc4 Nd7 15. Bd3 Qd5 16. Qxb4 Nc5 17. Bc4 Qxg2 18. Rhg1 Qe4 19. Rde1 d5 20. Bb5+ axb5 21. Qxb5+ Nd7 22. Qxb7 Rb8 23. Qc7 Bb4 24. Nc6 O-O 25. Nxb8 Nxb8 26. Qg3 g6 27. Rd1 Rc8 28. c3 Na6 29. Kd2 Nc5 30. cxb4 Nb3+ 31. Ke1 Rc2 32. Kf1 d4 33. Rxd4 Nxd4 34. Qb8+ Kh7 35. Bxd4 Qf3 36. Qg3 Rc1# 0-1


[Site "https://www.chess.com"]

[Event "Titled Tuesday Blitz May 9 Early 2023"]
[White "Yuan, Qingyu"]
[Black "Baches Garcia, Guillermo"]
[WhiteFideId "8609772"]
[BlackFideId "2209764"]
[WhiteElo "2359"]
[BlackElo "2516"]
[Result "1-0"]
[Round "02"]
[TimeControl "180+2"]
[Date "2023.05.09"]
[WhiteClock "0:01:36"]
[BlackClock "0:00:00"]

1. Nf3 d5 2. e3 Nf6 3. c4 e6 4. Nc3 c5 5. cxd5 Nxd5 6. Qb3 Be7 7. Bb5+ Nc6 8. Nxd5 exd5 9. Ne5 Qd6 10. Qa4 O-O 11. Nxc6 bxc6 12. Be2 c4 13. O-O Bf5 14. b3 Qf6 15. Ba3 Bxa3 16. Qxa3 Bd3 17. Bxd3 cxd3 18. Qa6 Qg6 19. Rac1 Rac8 20. Rc5 1-0


[Site "https://www.chess.com"]

[Event "Titled Tuesday Blitz May 9 Early 2023"]
[White "Nguyen Hong Nhung"]
[Black "Rozman, Levy"]
[WhiteFideId "12412201"]
[BlackFideId "2039877"]
[WhiteElo "1996"]
[BlackElo "2376"]
[Result "0-1"]
[Round "02"]
[TimeControl "180+2"]
[Date "2023.05.09"]
[WhiteClock "0:00:03"]
[BlackClock "0:00:06"]

1. e4 c6 2. d4 d5 3. f3 e5 4. dxe5 Bc5 5. Nc3 Qb6 6. Na4 Bf2+ 7. Ke2 Qd4 8. Qxd4 Bxd4 9. c3 Bxe5 10. exd5 cxd5 11. Be3 Nf6 12. Kf2 O-O 13. Ne2 b6 14. b3 Nc6 15. Rc1 Re8 16. Nb2 Bd6 17. Nd3 Bf5 18. Nd4 Ne7 19. Bg5 Bg6 20. Bxf6 gxf6 21. Be2 Rac8 22. Rhd1 Kg7 23. g3 h5 24. Nb5 Bb8 25. Nb4 Rcd8 26. Na6 Bd6 27. a4 h4 28. Rd2 Nf5 29. Nxd6 Rxd6 30. Rcd1 Ne3 31. Rc1 Nf5 32. Nc7 Red8 33. Nb5 R6d7 34. Bd3 a6 35. Bxf5 Bxf5 36. Nd4 Bg6 37. Rcd1 hxg3+ 38. hxg3 Rc8 39. Rc1 Rdc7 40. Ne2 Rc5 41. Ke3 b5 42. Kd4 b4 43. c4 dxc4 44. Rxc4 Rxc4+ 45. bxc4 a5 46. Rb2 Rd8+ 47. Kc5 Bd3 48. Kb5 Rc8 49. Kxa5 Rxc4 50. Nf4 Bf1 51. Nd5 Rc5+ 52. Kxb4 Rxd5 53. Rf2 Ba6 54. f4 Bc8 55. Kc4 Be6 56. Kb4 f5 57. a5 Rd4+ 58. Kc5 Ra4 59. Kb6 Ra3 60. a6 Bd5 61. Rd2 Be4 62. a7 Rb3+ 63. Ka6 Rxg3 64. Ra2 Rf3 65. Kb6 Rxf4 66. Ra4 Rf1 67. Rxe4 Rb1+ 68. Kc5 Ra1 69. Re7 f4 70. Kd4 Ra4+ 71. Kd3 Kf6 72. Rb7 Kg6 73. Rb4 Ra3+ 74. Ke2 Rxa7 75. Rxf4 Ra3 76. Rg4+ Kf5 77. Rc4 Ke5 78. Kf2 Kd5 79. Rb4 f6 80. Rf4 Ke6 81. Rb4 Ra6 82. Rb5 Ra4 83. Ke3 Ra3+ 84. Ke2 Ra6 85. Ke3 Rd6 86. Ke4 Rd7 87. Kf4 Rd4+ 88. Ke3 Rh4 89. Rb6+ Kf5 90. Rb5+ Kg6 91. Kf3 Ra4 92. Kg3 f5 93. Kf3 Kg5 94. Rb8 Ra3+ 95. Kf2 Kg4 96. Rb4+ f4 97. Kg2 Ra2+ 98. Kf1 Kg3 99. Rb8 Ra1+ 100. Ke2 f3+ 101. Ke3 Re1+ 102. Kd2 Re7 103. Rg8+ Kf2 104. Rg6 Kf1 105. Rg8 f2 106. Rg6 Rd7+ 107. Ke3 Ke1 108. Ra6 f1=Q 109. Ra1+ Rd1 0-1


[Site "https://www.chess.com"]

[Event "Titled Tuesday Blitz May 9 Early 2023"]
[White "Santos Flores, Alberto"]
[Black "Hasangatin, Ramil"]
[WhiteFideId "3601234"]
[BlackFideId "4122160"]
[WhiteElo "2235"]
[BlackElo "2279"]
[Result "0-1"]
[Round "02"]
[TimeControl "180+2"]
[Date "2023.05.09"]
[WhiteClock "0:00:00"]
[BlackClock "0:00:16"]

1. d4 d6 2. e4 Nf6 3. Nc3 e5 4. Nf3 Nbd7 5. Bc4 Be7 6. O-O O-O 7. Re1 c6 8. a4 exd4 9. Nxd4 Ne5 10. Bf1 Re8 11. f4 Ng6 12. h3 Qc7 13. g4 Bf8 14. Bg2 h6 15. Kh1 Nh4 16. Bf1 Bd7 17. Nf3 Ng6 18. Bg2 a6 19. f5 Ne5 20. Nxe5 dxe5 21. h4 Bb4 22. g5 hxg5 23. hxg5 Nh7 24. Qh5 g6 25. fxg6 fxg6 26. Qxg6+ Kh8 27. Rf1 Rg8 28. Qh6 Bf8 29. Rxf8 Raxf8 30. g6 Rg7 31. Kg1 Rf6 32. Qh2 Rfxg6 0-1


[Site "https://www.chess.com"]